 Dungeon Crawl Stone Soup version 0.25.1-2-g60ff931df9 (webtiles) character file.

Game seed: 5431485529928980930

1127 goofmuffin the Cleaver (level 8, -1/73 HPs)
             Began as a Minotaur Berserker on Oct 20, 2020.
             Was a Priest of Trog.
             Slain by an iron imp (7 damage)
             ... on level 4 of the Dungeon.
             The game lasted 00:18:44 (4692 turns).

goofmuffin the Cleaver (Minotaur Berserker)         Turns: 4692, Time: 00:18:45

Health: -1/73      AC: 11    Str: 23    XL:     8   Next: 13%
Magic:  7/7        EV: 11    Int:  4    God:    Trog [***...]
Gold:   291        SH:  0    Dex: 11    Spells: 7/7 levels left

rFire    . . .     SeeInvis .   a - +0 hand axe
rCold    . . .     Gourm    .   (no shield)
rNeg     . . .     Faith    .   r - +3 scale mail
rPois    .         Spirit   .   (helmet restricted)
rElec    .         Reflect  .   (no cloak)
rCorr    +         Harm     .   (no gloves)
MR       .....                  g - +0 pair of boots
Stlth    ..........             d - amulet of regeneration
HPRegen  0.62/turn              e - ring of flight
MPRegen  0.10/turn              b - ring of resist corrosion

@: berserk cooldown
A: retaliatory headbutt, horns 2
a: Berserk, Trog's Hand, Renounce Religion, Evoke Flight


You were on level 4 of the Dungeon.
You worshipped Trog.
Trog was most pleased with you.
You were very hungry.

You visited 1 branch of the dungeon, and saw 5 of its levels.

You collected 291 gold pieces.

Inventory:

Hand Weapons
 a - a +0 hand axe (weapon)
 n - a +2 whip of venom
Missiles
 l - 45 sling bullets
Armour
 g - a +0 pair of boots (worn)
 r - a +3 scale mail (worn)
Jewellery
 b - a ring of resist corrosion (right hand)
 d - an amulet of regeneration (around neck)
 e - a ring of flight (left hand)
Scrolls
 f - a scroll of remove curse {unknown}
 k - a scroll of identify
 m - a scroll of teleportation
 p - a scroll of magic mapping
Potions
 h - a potion of stabbing
 i - a potion of might
 j - 5 potions of curing
 o - 2 potions of lignification
 s - a potion of haste {unknown}
 t - a potion of brilliance {unknown}
Comestibles
 c - 11 rations


   Skills:
 + Level 7.0 Fighting
 * Level 8.7 Axes
 + Level 6.3 Armour
 - Level 2.1 Dodging


You had 7 spell levels left.
You didn't know any spells.
Your spell library was empty.

Dungeon Overview and Level Annotations

Branches:
Dungeon (5/15)
 Temple: D:4-7

Altars:
Fedhas
Hepliaklqana
Okawaru
Trog
Xom
The Shining One


Innate Abilities, Weirdness & Mutations

You reflexively headbutt those who attack you in melee.
You have a pair of horns on your head.


Message History

* * * LOW HITPOINT WARNING * * *
The orc priest calls down the wrath of Beogh upon you.
Beogh smites you!
* * * LOW HITPOINT WARNING * * *
You hear some strange, mumbled words.
There is a stone staircase leading up here.
The howler monkey skeleton hits you but does no damage.
You climb upwards.
Reactivating autopickup.
There is a stone staircase leading down, spattered with blood here.
You are too injured to fight recklessly!
You barely miss the iron imp. The iron imp barely misses you.
You barely miss the iron imp. Your headbutt misses the iron imp.
You are feeling very hungry.
The iron imp hits you but does no damage.
You barely miss the iron imp. You slash the iron imp!
The iron imp is heavily wounded.
The iron imp hits you!
You die...

.....#
#.###.#
.....#
#..##.#
###'##
###.##.# #.#
#......# #.#
#.#..#.# #.#
#.##.#.#
#.###
#......#
#)).#
####[..#
#.#.## #[5@#
#....# #.###
#.._.# #.#
#....# #.#
###..# #.#
##.#######.#
#.........#
###########


You could see an iron imp.

Vanquished Creatures
  2 necrophages
  2 phantoms
  An ogre (D:3)
  2 howler monkeys
  2 hounds
  5 orc priests
  An iguana (D:4)
  4 orc wizards
  3 worker ants (D:4)
  8 gnolls
  5 adders
  3 worms
  2 dart slugs
  A leopard gecko (D:1)
  13 orcs
  4 bats
  4 giant cockroaches
  6 goblins
  5 hobgoblins
  2 quokkas
  4 frilled lizards
  10 kobolds
  2 leopard gecko skeletons (D:5)
  8 rats
99 creatures vanquished.

Notes
Turn   | Place    | Note
-------+----------+-------------------------------------------
     0 | D:1      | goofmuffin the Minotaur Berserker began the quest for the
                  | Orb.
     0 | D:1      | Reached XP level 1. HP: 19/19 MP: 0/0
   345 | D:1      | Reached XP level 2. HP: 27/27 MP: 1/1
   451 | D:1      | Reached skill level 4 in Axes
   943 | D:2      | Found a blossoming altar of Fedhas.
  1009 | D:2      | Reached XP level 3. HP: 33/33 MP: 2/2
  1090 | D:2      | Reached ** piety under Trog
  1172 | D:2      | Found a faded altar of an unknown god.
  1353 | D:2      | Reached XP level 4. HP: 41/41 MP: 3/3
  1546 | D:2      | Found a hazy altar of Hepliaklqana.
  1546 | D:2      | Found a glowing golden altar of the Shining One.
  2043 | D:3      | Found an iron altar of Okawaru.
  2136 | D:3      | Reached skill level 5 in Axes
  2167 | D:3      | Reached XP level 5. HP: 47/47 MP: 4/4
  2450 | D:3      | Found a glowing golden altar of the Shining One.
  2552 | D:3      | Reached skill level 5 in Fighting
  2921 | D:4      | Noticed a phantom
  3189 | D:3      | Killed a phantom
  3189 | D:3      | Reached skill level 6 in Axes
  3189 | D:3      | Reached XP level 6. HP: 32/56 MP: 5/5
  3525 | D:3      | Reached skill level 5 in Armour
  3589 | D:4      | Identified the +7 dagger "Suakhluapt" {protect, +Fly}
  3597 | D:4      | Reached skill level 7 in Axes
  3597 | D:4      | Reached XP level 7. HP: 62/62 MP: 6/6
  3598 | D:4      | Found a bloodstained altar of Trog.
  3719 | D:4      | Reached *** piety under Trog
  3744 | D:4      | Identified the Tome of Assistive Unholy Rites
  4149 | D:4      | Found a shimmering altar of Xom.
  4191 | D:5      | Entered Level 5 of the Dungeon
  4368 | D:5      | Reached skill level 8 in Axes
  4516 | D:4      | Reached XP level 8. HP: 68/71 MP: 7/7
  4686 | D:5      | HP: 2/73 [orc priest/divine providence (13)]
  4692 | D:4      | Slain by an iron imp

Illustrated notes

Levels and vault maps discovered:
D:1:      lightli_arrival_statuegarden, layout_basic
D:2:      layout_loops_corners, gammafunk_temple_overflow_wave,
          chequers_ecumenical_altar_simple, serial_glass, glass_columns_a,
          glass_columns_a, fedhas_ov_isle_minmay
D:3:      cheibrodos_old_hovel, layout_basic, okawaru_gym_becter, tso_altar
D:4:      layout_basic, bloody_trog, lemuel_coloured_pillars_altar, first_ration
D:5:      layout_rooms, slow_altar_2, minmay_holes, lightli_minifort

Skill      XL: |  1  2  3  4  5  6  7  8 |
---------------+-------------------------+-----
Axes           | 4 5 6 7 8 |  8.7
Fighting       | 4 5 6 7 |  7.0
Armour         | 3 4 5 6 |  6.3
Dodging        | |  2.1

Action                   |  1- 3 |  4- 6 |  7- 9 || total
-------------------------+-------+-------+-------++-------
Melee: Hand axe          |    68 |   111 |    96 ||   275
       Headbutt          |     7 |    20 |    20 ||    47
Invok: Berserk           |     2 |     5 |     4 ||    11
  Use: Scroll            |       |     7 |     1 ||     8
 Stab: Sleeping          |       |     1 |       ||     1
  Eat: Chunk             |     2 |    12 |     7 ||    21
Armor: Animal skin       |    17 |     2 |       ||    19
       Leather armour    |       |    15 |       ||    15
       Chain mail        |       |     1 |     9 ||    10
       Scale mail        |       |       |    36 ||    36
Dodge: Dodged            |    42 |    64 |    43 ||   149
